 Dungeon Crawl Stone Soup version 0.30-a0-1094-g860fb061e7 (webtiles) character file.

Game seed: 1992627340765742053

115816 Arcadio the Eclecticist (level 16, 0/84 HPs)
             Began as a Vine Stalker Summoner on Apr 14, 2023.
             Was a High Priest of Ashenzari.
             Slain by a spriggan rider
             ... wielding a +0 spear
              (2 damage)
             ... on level 2 of the Swamp on Apr 17, 2023.
             The game lasted 04:20:30 (33233 turns).

Arcadio the Eclecticist (Vine Stalker Summoner)    Turns: 33233, Time: 04:20:31

Health: 0/84       AC: 13    Str: 14    XL:     16   Next: 69%
Magic:  0/49       EV: 22    Int: 19    God:    Ashenzari [*****.]
Gold:   1067       SH:  0    Dex: 16    Spells: 27/54 levels left

rFire   + . .      SeeInvis +    h - +6 glaive of Supernal Wisdom {freeze, Cun, Melee} (curse)
rCold   + . .      Faith    .    (shield currently unavailable)
rNeg    . . .      Spirit   +    i - +2 robe of Ashenzari's Omen {rC+ rF+, Bglg, Evo} (curse)
rPois   +          Reflect  .    y - +2 helmet "Ruined Bad Feelings" {Cun, Alch} (curse)
rElec   .          Rampage  .    T - scarf "Ensconced Together" {+Inv, Evo, Self} (curse)
rCorr   .          Clarity  +    P - +2 pair of gloves
Will    ++...                    p - +2 pair of boots of the Unveiling Pleiades {Self, Elem} (curse)
Stlth   +++                      n - amulet of Ashenzari's Blue Moon {Acrobat, Self, Fort} (curse)
HPRegen 1.14/turn                S - ring of Supernal Wisdom {rPois, Comp, Elem} (curse)
MPRegen 0.31/turn                s - ring of magical power

@: swift, very quick
A: fangs 3, regeneration 1, magic shield, antimagic bite, no potion heal 2
a: Renounce Religion, Evoke Invisibility, Curse Item, Shatter the Chains


You were on level 2 of the Swamp.
You worshipped Ashenzari.
Ashenzari was extremely pleased with you.
You visited 7 branches of the dungeon, and saw 27 of its levels.

You collected 2610 gold pieces.
You spent 1543 gold pieces at shops.

Inventory:

Hand Weapons
 h - the cursed +6 glaive of Supernal Wisdom (weapon) {freeze, Cun, Melee}
   (You took it off an orc warrior on level 11 of the Dungeon)

   It has a curse which improves the following skills: Cunning: Dodging and
   Stealth.
   Melee Combat: Short Blades, Long Blades, Axes, Maces & Flails, Polearms,
   Staves and Unarmed Combat.
 G - the +3 bardiche of the Pure Emperors {distort, rC++ Will+ Dex-4}
   (You found it on level 1 of the Snake Pit)

   Dex:       It affects your dexterity (-4).
   rC:        It greatly protects you from cold.
   Will:      It increases your willpower.
Missiles
 A - 5 throwing nets
Armour
 i - the cursed +2 robe of Ashenzari's Omen (worn) {rC+ rF+, Bglg, Evo}
   (You found it on level 1 of the Dungeon)

   It has a curse which improves the following skills: Beguiling: Conjurations,
   Hexes and Translocations.
   Evocations: Evocations.
 p - the cursed +2 pair of boots of the Unveiling Pleiades (worn) {Self, Elem}
   (You found it on level 2 of the Dungeon)

   It has a curse which improves the following skills: Introspection: Fighting
   and Spellcasting.
   Elements:  Fire Magic, Ice Magic, Air Magic and Earth Magic.
 y - the cursed +2 helmet "Ruined Bad Feelings" (worn) {Cun, Alch}
   (You found it on level 1 of the Lair of Beasts)

   It has a curse which improves the following skills: Cunning: Dodging and
   Stealth.
   Alchemy:   Poison Magic and Transmutations.
 H - a +2 chain mail of cold resistance
 P - a +2 pair of gloves (worn)
 T - the cursed scarf "Ensconced Together" (worn) {+Inv, Evo, Self}
   (You found it on level 3 of the Lair of Beasts)

   It has a curse which improves the following skills: Evocations: Evocations.
   Introspection: Fighting and Spellcasting.
Jewellery
 a - a ring of wizardry
 e - the ring of Knowledge {rF+ rN+ Dex+2}
   (You bought it in a shop on level 2 of the Orcish Mines)

   [ring of protection from fire]

   Dex:       It affects your dexterity (+2).
   rF:        It protects you from fire.
   rN:        It protects you from negative energy.
 l - a ring of resist corrosion
 n - the cursed amulet of Ashenzari's Blue Moon (around neck) {Acrobat, Self, Fort}
   (You found it on level 1 of the Lair of Beasts)

   [amulet of the acrobat]

   It increases your evasion while moving and waiting.
   It has a curse which improves the following skills: Introspection: Fighting
   and Spellcasting.
   Fortitude: Armour and Shields.
 s - a ring of magical power (right hand)
 v - a ring of protection from fire
 B - an amulet of reflection
 C - a ring of fire
 L - an amulet of the acrobat
 M - an amulet of the acrobat
 S - the cursed ring of Supernal Wisdom (left hand) {rPois, Comp, Elem}
   (You found it on level 10 of the Dungeon)

   [ring of poison resistance]

   rPois:     It protects you from poison.
   It has a curse which improves the following skills: Companions: Summonings
   and Necromancy.
   Elements:  Fire Magic, Ice Magic, Air Magic and Earth Magic.
 W - a +6 ring of dexterity
Wands
 b - a wand of mindburst (17)
 d - a wand of roots (5)
 I - a wand of polymorph (7)
 J - a wand of flame (24)
 R - a wand of digging (5)
Scrolls
 g - 4 scrolls of fog
 m - 5 scrolls of amnesia
 q - 2 scrolls of enchant armour
 r - a scroll of teleportation
 t - 3 scrolls of magic mapping
 u - 3 scrolls of blinking
 w - 5 scrolls of immolation
 x - 3 scrolls of poison
 O - a scroll of silence
Potions
 c - 4 potions of might
 f - 11 potions of curing
 k - 5 potions of attraction
 o - 3 potions of cancellation
 z - 6 potions of lignification
 E - 4 potions of haste
 F - 3 potions of brilliance
 V - 7 potions of mutation
 X - a potion of flight
Miscellaneous
 K - a phial of floods
 Q - a piece from Xom's chessboard (15/15)


   Skills:
 - Level 5.5(9.5) Fighting
 + Level 8.7(10.9) Polearms
 + Level 13.9(17.0) Dodging
 - Level 2.4(4.9) Stealth
 + Level 15.8(19.8) Spellcasting
 - Level 0.7(1.8) Conjurations
 - Level 5.2(7.3) Hexes
 + Level 15.0(17.0) Summonings
 - Level 4.3(7.3) Air Magic


You had 27 spell levels left.
You knew the following spells:

 Your Spells              Type           Power      Damage    Failure   Level
a - Summon Small Mammal   Summ           100%       N/A       0%          1
b - Call Imp              Summ           100%       N/A       0%          2
c - Call Canine Familiar  Summ           70%        N/A       0%          3
d - Summon Guardian Gole  Hex/Summ       60%        N/A       1%          3
e - Summon Lightning Spi  Summ/Air       60%        N/A       1%          4
f - Swiftness             Air            46%        N/A       1%          3
g - Passwall              Tmut/Erth      16%        N/A       3%          2
h - Ensorcelled Hibernat  Hex/Ice        66%        N/A       1%          2
i - Tukima's Dance        Hex            46%        N/A       1%          3
j - Cause Fear            Hex            23%        N/A       1%          4

Your spell library contained the following spells:

 Spells                   Type           Power      Damage    Failure   Level
 Inner Flame              Hex/Fire       33%        N/A       1%          3
 Portal Projectile        Hex/Tloc       66%        N/A       1%          3
 Anguish                  Hex/Necr       16%        N/A       5%          4
 Leda's Liquefaction      Hex/Erth       16%        N/A       5%          4
 Metabolic Englaciation   Hex/Ice        16%        N/A       16%         5
 Flame Wave               Conj/Fire      23%        2d8       17%         4
 Sticky Flame             Conj/Fire      23%        2d4       17%         4
 Petrify                  Tmut/Erth      20%        N/A       24%         4
 Irradiate                Conj/Tmut      11%        3d15      43%         5
 Lee's Rapid Deconstruct  Erth           10%        3d8*      54%         5
 Conjure Ball Lightning   Conj/Air       18%        3x3d6     54%         6
 Blade Hands              Tmut           9%         N/A       56%         5
 Enfeeble                 Hex            23%        N/A       75%         7
 Statue Form              Tmut/Erth      13%        N/A       98%         6
 Dragon Form              Tmut           9%         N/A       100%        7
 Discord                  Hex            23%        N/A       100%        8
 Disjunction              Tloc           9%         N/A       100%        8


Dungeon Overview and Level Annotations

Branches:
Dungeon (15/15) Zot: 25206  Temple (1/1) D:4 Zot: 5985    Lair (5/5) D:10 Zot: 19354
  Swamp (2/4) Lair:2 Zot: 11193   Snake (1/4) Lair:2 Zot: 5041   Slime (0/5) Lair:5
    Orc (2/2) D:9 Zot: 7502     Elf (0/3) Orc:2        Vaults (0/5) D:13
 Depths (1/4) D:15 Zot: 5944

Altars:
Ashenzari
Cheibriados
Dithmenos
Elyvilon
Fedhas
Gozag
Hepliaklqana
Kikubaaqudgha
Makhleb
Nemelex Xobeh
Okawaru
Qazlal
Ru
Sif Muna
Trog
Uskayaw
Vehumet
Wu Jian
Xom
Yredelemnul
Zin
The Shining One
Jiyva

Shops:
D:10 *   D:12 ([[(   Orc:2 *?=(   Snake:1 (

Portals:
Pandemonium: Orc:2
Trove: D:12 (give 6 scrolls of fog)

Annotations:
D:13 Rupert
Lair:4 exclusion: oklob plant
Lair:5 exclusions: obsidian statue and 2 oklob plants
Orc:1 2 transporters, exclusion: oklob plant, sleepylion's ghost, novice TrGl


Innate Abilities, Weirdness & Mutations

You have razor-sharp teeth.
Your natural rate of healing is unusually fast.
When hurt, damage is shared between your health and your magic reserves.
Your bite disrupts and absorbs the magic of your enemies.
Potions cannot restore your health.


Message History

Casting: Cause Fear (mildly dangerous; 1% risk of failure)
Confirm with . or Enter, or press ? or * to list all spells.
The water foams!
You feel quick.
The swamp dragon seems to regain its courage.
The swamp worm bites you!
Your lightning spire shoots out a bolt of lightning at the tyrant leech!
The bolt of electricity hits the tyrant leech!
The goliath frog misses you. The swamp worm misses you.
The swamp dragon attacks as you move away!
The swamp dragon completely misses you. x2
The swamp dragon tramples you but does no damage.
The swamp worm fires a harpoon shot at you.
The harpoon shot misses you. The goliath frog closely misses you.
Your lightning spire shoots out a bolt of lightning at the tyrant leech!
The bolt of electricity hits the tyrant leech!!
A spriggan rider comes into view. It is wielding a +0 spear.
The swamp worm attacks as you move away!
The swamp worm bites you!!
* * * LOW HITPOINT WARNING * * *
You are no longer corroded.
The spriggan rider shouts!
The swamp worm fires a harpoon shot at you.
The harpoon shot misses you. The goliath frog completely misses you.
Your lightning spire shoots out a bolt of lightning at the tyrant leech!
The bolt of electricity hits the tyrant leech!!
The tyrant leech dies!
The swamp dragon completely misses you. The swamp dragon misses you.
The swamp dragon completely misses you.
Blink to where?
Press: ? - help, Dir - move target
As you read the scroll of blinking, it crumbles to dust.
The swamp dragon breathes poison at you.
The blast of poison misses you.
The swamp worm fires a harpoon shot at you.
The harpoon shot hits you!!
* * * LOW HITPOINT WARNING * * *
You stop ascending the stairs.
You are yanked forward by the harpoon shot.
The spriggan rider hits you from afar with a +0 spear.
You die...

* , *,~~~~..~~~~~~~.. *
** ~,~~~~..~~~~~~~~~~..*,
, * , ~ ,
.~~~.§~~~~§~~~.~~~ ~ ,
,*.~~~..§~~~~~§~~~~~.* ,
~ .~~...~~~§~~~~~....♣*
,~
,,**.~~~~.☼☼☼~~~~~~.~~§.*
, ~ * *
♣...~~☼○☼.~~i~~~~~~~.♣ *
♣.~~~☼☼☼§..~§~~~~~~~..
~**
♣.~~~~~<.§@.~~~~.~~~.. ,
~ ,
♣.~.....~i☼wF....~~~~~ ,
~~~...§~~~~D~.♣~~.~~~~ *
~
,~~.....~§~~~~D.♣♣~.~~~~,
,
~......~~....~.~~~~..~~,,
~ ~♣♣...~~~.♣~..~~~~.♣♣ *
, ~~~ ♣~.§~§~.♣..~~~~~.♣
, , * ,~,*
♣...~8~~~§<.~~....~~ , **
**.~~.§~~.~♣..!~.§.~♣~ ~
,


You could see 2 swamp dragons, a spriggan rider, a spriggan druid, a goliath
frog, a swamp worm and a friendly lightning spire (summoned).

Vanquished Creatures
  Kirke (D:15)
  A caustic shrike zombie (D:15)
  2 orc warlords (Orc:1)
  A dire elephant (Lair:5)
  A shambling mangrove (Lair:2)
  A boulder beetle (D:13)
  4 centaur warriors
  A two-headed ogre (D:11)
  An alligator (Lair:2)
  A tengu warrior (D:15)
  2 orc high priests (Orc:2)
  2 death yaks (Lair:5)
  A shock serpent (Snake:1)
  A bog body (Lair:2)
  A necromancer (Lair:5)
  An orc knight (Orc:2)
  A phantasmal warrior (D:15)
  A wolf spider zombie (D:13)
  An ugly thing (D:13)
  4 cyclopes
  A deep elf pyromancer (D:15)
  3 orc sorcerers
  3 centaur zombies (D:13)
  6 elephants
  A torpor snail (Lair:2)
  3 black mambas
  A rust devil (Orc:2)
  A guardian serpent (Lair:2)
  A naga mage (Snake:1)
  An unseen horror (D:12)
  A gargoyle (D:13)
  A yaktaur (D:15)
  A cane toad (Lair:5)
  2 rime drakes
  A freezing wraith (D:14)
  A polar bear (Lair:2)
  4 trolls
  A hellwing (Orc:2)
  3 hornets
  A tyrant leech (Lair:2)
  2 blink frogs
  A spectral elephant (Lair:5)
  2 spriggans (Swamp:1)
  3 wyverns
  A wraith (D:11)
  A hog (D:15)
  4 basilisks
  A human (shapeshifter) (D:15)
  7 yaks
  5 fire elementals (D:13)
  2 vampire mosquitoes (D:13)
  A warg (Orc:1)
  A spectral cane toad (Lair:5)
  2 nagas (Lair:2)
  An acid dragon (D:10)
  A nameless horror (D:8)
  2 water moccasins
  A hell hound (D:13)
  A sky beast (D:6)
  An ice beast (D:6)
  15 orc warriors
  An elephant zombie (Lair:5)
  3 wolves (Lair:3)
  2 ogres
  6 centaurs
  7 bullfrogs
  A gnoll sergeant (D:9)
  A scorpion (D:7)
  A cane toad simulacrum (Lair:5)
  A wight (D:9)
  6 killer bees
  2 howler monkeys
  7 orc priests
  A gnoll bouda (D:5)
  A hound (D:5)
  5 iguanas
  A jelly (D:6)
  A boggart zombie (D:13)
  6 hell rats (Lair:3)
  5 orc wizards
  A mummy (D:14)
  8 gnolls
  2 adders (D:5)
  A white imp (D:6)
  A dart slug (D:2)
  36 orcs
  8 ball pythons
  7 endoplasms
  2 giant cockroaches
  6 goblins
  3 hobgoblins
  4 quokkas
  3 bats
  2 frilled lizards
  A goblin zombie (D:6)
  3 hobgoblin zombies (D:6)
  2 kobolds
  2 orc skeletons (D:6)
  7 rats
  A bush (Lair:5)
279 creatures vanquished.

Vanquished Creatures (collateral kills)
  A bunyip (Swamp:1)
  Azrael (D:14)
  An ettin (Orc:2)
  Erolcha (D:10)
  2 hydras
  2 demonspawn (Orc:2)
  An ogre mage (D:15)
  2 boulder beetles
  6 two-headed ogres
  9 death yaks
  3 skeletal warriors
  A spectral death yak (Lair:5)
  A storm dragon zombie (D:15)
  A goliath frog (Swamp:1)
  A spriggan druid (Swamp:1)
  A spectral anaconda (Lair:5)
  3 bog bodies (Lair:2)
  A swamp dragon (Lair:2)
  A mana viper (Snake:1)
  3 necromancers
  2 orc knights
  6 orc sorcerers
  A manticore (D:12)
  3 ugly things
  2 cyclopes
  4 black mambas
  6 elephants
  An iron dragon skeleton (D:15)
  2 salamanders (Snake:1)
  3 centaur zombies (D:13)
  A dire elephant zombie (Lair:5)
  2 torpor snails
  2 naga magi
  7 cane toads
  An orange demon (Orc:2)
  2 rime drakes
  5 komodo dragons
  A dire elephant skeleton (Lair:5)
  A guardian mummy (D:14)
  A tengu conjurer (D:15)
  5 trolls
  2 tyrant leeches
  4 hornets
  4 blink frogs (Lair:1)
  A spectral elephant (Lair:5)
  2 slime creatures (D:13)
  A wyvern (Lair:5)
  A wraith (D:11)
  2 vampires
  3 spriggans
  2 hogs (D:15)
  23 yaks
  A basilisk (Lair:1)
  2 steam dragons
  2 vampire mosquitoes (D:13)
  A death yak simulacrum (Lair:5)
  A warg (Orc:2)
  2 nagas (Snake:1)
  2 acid dragons
  3 swamp worms
  10 water moccasins
  2 ice beasts (D:7)
  23 orc warriors
  3 black bears
  3 sky beasts
  7 centaurs
  2 ogres (Orc:1)
  2 wolves (Lair:3)
  2 elephant skeletons (Lair:5)
  A phantom (D:6)
  4 bullfrogs
  A gnoll sergeant (D:10)
  7 wights
  A killer bee (D:8)
  4 electric eels (Lair:4)
  2 howler monkeys
  21 orc priests
  Jessica (D:2)
  2 iguanas
  5 orc wizards
  A hell rat (Lair:3)
  18 gnolls
  3 adders
  A shadow imp (D:8)
  3 white imps
  A worm (D:2)
  A dart slug (D:2)
  51 orcs
  4 ball pythons
  2 endoplasms
  7 goblins
  3 hobgoblins
  6 kobolds
  A bat (D:1)
  A hobgoblin zombie (D:6)
  An orc skeleton (D:6)
  An orc zombie (D:6)
  3 rats
370 creatures vanquished.

Vanquished Creatures (others)
  A bunyip (Swamp:1)
  A dire elephant (Lair:5)
  2 hydras
  A centaur warrior (D:15)
  A naga warrior (Lair:2)
  A two-headed ogre (D:15)
  An alligator (Swamp:1)
  5 death yaks
  3 skeletal warriors (D:11)
  A soul eater (Orc:2)
  A goliath frog (Swamp:1)
  A golden dragon zombie (D:15)
  2 slime creatures (D:13)
  A wolf spider zombie (D:13)
  4 orc knights
  2 orc sorcerers (Orc:2)
  A centaur zombie (D:13)
  3 elephants (Lair:5)
  A dire elephant zombie (Lair:5)
  A cane toad (Lair:1)
  A komodo dragon (Lair:5)
  2 bloated husks (Swamp:1)
  A tyrant leech (Swamp:1)
  2 blink frogs (Lair:4)
  2 spectral elephants (Lair:5)
  A wraith (D:11)
  8 yaks
  A neqoxec (Orc:2)
  A death yak simulacrum (Lair:5)
  2 humans (D:15)
  3 vampire mosquitoes (D:10)
  2 nagas
  2 wargs (Orc:1)
  9 orc warriors
  3 wolves (Lair:3)
  An ogre (Orc:1)
  A kobold brigand (D:6)
  A cane toad simulacrum (Lair:5)
  An elephant simulacrum (Lair:5)
  An orc priest (Orc:2)
  A jelly (D:6)
  An orc wizard (Orc:1)
  A boggart zombie (D:13)
  3 gnolls (D:9)
  5 orcs
  26 fungi
  41 plants
  33 withered plants
190 creatures vanquished.

Grand Total: 839 creatures vanquished

Notes
Turn   | Place    | Note
-------+----------+-------------------------------------------
     0 | D:1      | Arcadio the Vine Stalker Summoner began the quest for the
                  | Orb.
     0 | D:1      | Reached XP level 1. HP: 9/9 MP: 4/4
   506 | D:1      | Reached XP level 2. HP: 13/13 MP: 3/6
  1015 | D:2      | Noticed Jessica
  1030 | D:2      | Killed Jessica
  1031 | D:2      | Reached XP level 3. HP: 3/16 MP: 2/8
  1192 | D:1      | Learned a level 2 spell: Call Imp
  1196 | D:1      | Learned a level 3 spell: Call Canine Familiar
  1386 | D:2      | Gained mutation: Your natural rate of healing is unusually
                  | fast. [Vine Stalker growth]
  1386 | D:2      | Reached XP level 4. HP: 21/21 MP: 9/9
  2038 | D:2      | Reached XP level 5. HP: 24/24 MP: 3/11
  2631 | D:3      | Reached skill level 5 in Summonings
  2671 | D:3      | Identified the +0 leather armour of Bedevilment {Will+
                  | Regen+ Str+3}
  2959 | D:3      | Found a snail-covered altar of Cheibriados.
  3264 | D:4      | Found a staircase to the Ecumenical Temple.
  3273 | D:4      | Reached XP level 6. HP: 22/28 MP: 4/12
  3341 | Temple   | Entered the Ecumenical Temple
  3348 | Temple   | Became a worshipper of Ashenzari the Shackled
  3506 | D:4      | Noticed an ice beast
  3555 | D:5      | Entered Level 5 of the Dungeon
  3951 | D:5      | Reached XP level 7. HP: 32/32 MP: 6/14
  4302 | D:5      | Reached skill level 5 in Spellcasting
  4480 | D:5      | Gained mutation: You have razor-sharp teeth. [Vine Stalker
                  | growth]
  4480 | D:5      | Reached XP level 8. HP: 36/36 MP: 11/17
  4613 | D:5      | You fall into a shaft and drop 2 floors!
  4735 | D:7      | Found a flagged portal.
  4879 | D:6      | Found a glowing golden altar of the Shining One.
  5000 | D:6      | Learned a level 3 spell: Summon Guardian Golem
  5005 | D:6      | Learned a level 4 spell: Summon Lightning Spire
  5283 | D:6      | Reached skill level 5 in Dodging
  5373 | D:6      | Reached XP level 9. HP: 39/39 MP: 3/20
  5988 | D:6      | Found a sparkling altar of Nemelex Xobeh.
  6832 | D:7      | Reached XP level 10. HP: 44/44 MP: 23/23
  6898 | D:7      | Reached * piety under Ashenzari
  7357 | D:8      | Noticed a green ugly thing
  7369 | D:8      | Killed a green ugly thing
  8372 | D:9      | Reached skill level 1 in Air Magic
  8429 | D:9      | Reached ** piety under Ashenzari
  8458 | D:9      | Found a staircase to the Orcish Mines.
  8978 | D:10     | Entered Level 10 of the Dungeon
  9002 | D:10     | Reached XP level 11. HP: 45/47 MP: 25/27
  9133 | D:10     | Found a staircase to the Lair.
  9205 | D:10     | Reached skill level 10 in Spellcasting
  9232 | D:10     | Identified the +3 leather armour of the Spider Nest {rPois
                  | rC- Str+3}
  9234 | D:10     | Found Zin's Purification Station.
  9240 | D:10     | Found a glowing silver altar of Zin.
  9516 | D:10     | Learned a level 3 spell: Swiftness
  9519 | D:10     | Learned a level 2 spell: Passwall
  9577 | D:10     | Noticed Erolcha
  9588 | D:10     | Killed Erolcha
  9813 | D:11     | Noticed a boulder beetle
  9891 | Lair:1   | Entered Level 1 of the Lair of Beasts
 10015 | Lair:1   | Reached skill level 10 in Summonings
 10061 | Lair:1   | Noticed a death yak
 10653 | Lair:1   | Noticed a death yak
 10667 | Lair:1   | Killed a death yak
 10667 | Lair:1   | Killed a death yak
 10668 | Lair:1   | Reached XP level 12. HP: 46/51 MP: 25/29
 11148 | Lair:2   | Found a staircase to the Snake Pit.
 11240 | Lair:2   | Noticed a death yak
 11253 | Lair:2   | Killed a death yak
 11379 | Lair:2   | Reached *** piety under Ashenzari
 11671 | Lair:2   | Reached skill level 10 in Dodging
 11765 | Lair:2   | Found a staircase to the Swamp.
 12466 | Lair:3   | You fall into a shaft and drop 2 floors!
 12466 | Lair:5   | Entered Level 5 of the Lair of Beasts
 12499 | Lair:5   | Identified the +1 ring mail "Goiry" {Rampage rN+++ rCorr
                  | Str-2}
 12583 | Lair:5   | Found a staircase to the Slime Pits.
 12583 | Lair:5   | Found a viscous altar of Jiyva.
 12662 | Lair:5   | Noticed a dire elephant
 12665 | Lair:5   | Noticed a dire elephant
 12917 | Lair:3   | Identified the +0 ring mail "Vuxas" {*Corrode +Inv rF+
                  | Int+4}
 13306 | Lair:3   | Reached XP level 13. HP: 55/55 MP: 32/32
 14372 | Lair:4   | Reached **** piety under Ashenzari
 16203 | Lair:5   | Reached skill level 1 in Fighting
 16203 | Lair:5   | Reached skill level 1 in Polearms
 16637 | Lair:5   | Reached XP level 14. HP: 68/68 MP: 32/36
 17389 | Lair:5   | Killed a dire elephant
 17723 | Lair:5   | Killed a dire elephant
 18150 | Orc:1    | Entered Level 1 of the Orcish Mines
 18408 | Orc:1    | Found a transporter.
 18409 | Orc:1    | Noticed sleepylion's ghost (novice TrGl)
 18410 | Orc:1    | Identified the +1 great mace of Ytodeum {freeze, Fly Str+6}
 18410 | Orc:1    | Identified the +6 dire flail of Sudden Death {freeze, Str+2
                  | Int+5 Dex+3 Stlth-}
 18592 | Orc:1    | Found a transporter.
 18687 | Orc:1    | Noticed an orc warlord
 18780 | Orc:1    | Killed an orc warlord
 18988 | Orc:1    | Learned a level 2 spell: Ensorcelled Hibernation
 18992 | Orc:1    | Learned a level 3 spell: Tukima's Dance
 19279 | Orc:2    | Entered Level 2 of the Orcish Mines
 19279 | Orc:2    | Noticed an orc warlord
 19394 | Orc:2    | Found a staircase to the Elven Halls.
 19475 | Orc:1    | Killed an orc warlord
 20061 | Orc:2    | Reached skill level 5 in Fighting
 20061 | Orc:2    | Reached skill level 5 in Polearms
 20424 | Orc:2    | Found Manit's Magic Scroll Shop.
 20432 | Orc:2    | Found Zyojez's General Store.
 20776 | Orc:2    | Found a one-way gate leading to the halls of Pandemonium.
 20776 | Orc:2    | Found Ruecvu's Antique Weapon Shoppe.
 20779 | Orc:2    | Paralysed by an orc sorcerer for 5 turns
 21462 | Orc:2    | Reached XP level 15. HP: 72/79 MP: 24/37
 22354 | Orc:2    | Found Viefal's Jewellery Emporium.
 22358 | Orc:2    | Bought the ring of Knowledge {rF+ rN+ Dex+2} for 646 gold
                  | pieces
 22358 | Orc:2    | Bought a ring of magical power for 320 gold pieces
 22358 | Orc:2    | Bought a ring of wizardry for 480 gold pieces
 22534 | Orc:2    | Reached ***** piety under Ashenzari
 22630 | Orc:2    | Upgraded the game from 0.30-a0-1075-gcd70e7a56d to
                  | 0.30-a0-1082-g70414cbcbb
 22630 | Orc:2    | Upgraded the game from 0.30-a0-1082-g70414cbcbb to
                  | 0.30-a0-1085-g990a428a5c
 22630 | Orc:2    | Upgraded the game from 0.30-a0-1085-g990a428a5c to
                  | 0.30-a0-1094-g860fb061e7
 22863 | D:11     | Reached skill level 1 in Hexes
 24627 | D:12     | Found Laywy's Antique Weapon Shop.
 24650 | D:12     | Found Duakus's Antique Armour Shop.
 24792 | D:12     | Found a portal to a secret trove of treasure.
 25089 | Orc:2    | Bought a scroll of enchant weapon for 97 gold pieces
 25236 | D:12     | Found Ydyotz's Armour Boutique.
 25389 | D:12     | Found Cungukha's Antique Weapon Boutique.
 25428 | D:12     | Identified the +1 ring mail of Liberalism {Dex+3}
 26190 | D:13     | Noticed Rupert
 26498 | D:13     | Found a gate to the Vaults.
 26754 | D:14     | Noticed Azrael
 26888 | D:14     | Killed Azrael
 27334 | D:14     | Found a snail-covered altar of Cheibriados.
 27572 | D:15     | Entered Level 15 of the Dungeon
 28223 | D:15     | Found a staircase to the Depths.
 28233 | D:15     | Reached skill level 15 in Spellcasting
 28237 | D:15     | Noticed Kirke
 28281 | D:15     | Killed Kirke
 28282 | D:15     | Reached XP level 16. HP: 73/84 MP: 39/39
 28401 | D:15     | Reached skill level 5 in Hexes
 29175 | Depths:1 | Entered Level 1 of the Depths
 29443 | Snake:1  | Entered Level 1 of the Snake Pit
 29824 | Snake:1  | Identified the +3 bardiche of the Pure Emperors {distort,
                  | rC++ Will+ Dex-4}
 30614 | Snake:1  | HP: 2/84 [shock serpent/bolt of electricity (6)]
 30619 | Snake:1  | Found Vyohoget's Weapon Shop.
 30965 | Swamp:1  | Entered Level 1 of the Swamp
 31871 | Lair:2   | Paralysed by a hornet for 3 turns
 32653 | Swamp:1  | Learned a level 4 spell: Cause Fear
 32977 | Swamp:1  | Reached skill level 15 in Summonings
 33233 | Swamp:2  | HP: 2/84 [swamp worm/harpoon shot[a spriggan druid] (15)]
 33233 | Swamp:2  | Slain by a spriggan rider

Illustrated notes

Levels and vault maps discovered:
D:1:      dpeg_arrival_pond, layout_basic, minmay_pentomino_p2
D:2:      layout_loops_ring, minmay_misc_feat_enclosed, minmay_liquid_box,
          minmay_fractal_squares_5, uniq_jessica
D:3:      layout_basic, lemuel_tele_altar, minivault_14
D:4:      layout_rooms, minmay_temple_entry_proselytizer
D:5:      kennysheep_six_static_rooms, layout_loops_ring
D:6:      layout_basic, kennysheep_mini, nicolae_tso_besieged_by_evil,
          serial_rivers, chequers_serial_rivers_small_a,
          chequers_serial_rivers_large_a, chequers_serial_rivers_large_b,
          chequers_serial_rivers_small_a, chequers_serial_rivers_marsh,
          chequers_serial_rivers_micro_a, minmay_bent
D:7:      layout_gridville, enter_bailey_5, kennysheep_another_room
D:8:      layout_rooms, serial_glass, glass_columns_a, glass_columns_c,
          glass_columns_b, glass_columns_a, glass_columns_a, glass_columns_b
D:9:      layout_small_grid, david_orc_3
D:10:     layout_roguey, zin_purify, lair_entry_dummy, grunt_ministairs_3,
          uniq_erolcha
D:11:     layout_gridville, special_room [special_room_orc]
D:12:     layout_gridville, serial_shops, kennysheep_little_box,
          nicolae_shop_trees, shop, nicolae_diamond_shop,
          nicolae_trove_entry_diagonal, nicolae_elevator_lobby_plus
D:13:     layout_small_grid, david_vaults_1, nicolae_yredelemnul_corpse_copse,
          uniq_rupert
D:14:     layout_roguey, minmay_holes, slow_altar_1, uniq_azrael
D:15:     gammafunk_depths_entry_grave, layout_grid_maze, hex_medium,
          st_stairs_7, uniq_kirke
Temple:   nicolae_temple_no_exploring_needed
Lair:1:   layout_regular_city, lemuel_fruit_tree
Lair:2:   layout_hall_layers, skrybe_swamp_entry_bodies, dummy_snake_entry,
          grunt_megastairs_2
Lair:3:   layout_loops_ring, st_stairs_10
Lair:4:   layout_loops_ring, serial_bayou, serial_bayou_lagoon_b,
          serial_bayou_pond_a, serial_bayou_crossing, serial_bayou_pond_d,
          infiniplex_staircase_pool_2, grunt_megastairs_4, serial_bayou_shore_b
Lair:5:   due_jungle_book, layout_loops_ring, minmay_slime_entry_oklob_open
Swamp:1:  layout_falls_marsh, nicolae_swamp_orc_logging_accident
Swamp:2:  layout_basic_swamp, evilmike_swamp_ruin_rubble_1, hangedman_swamp_dais
Snake:1:  layout_onion_interference, drop_trap, minmay_shop_star
Orc:1:    layout_caves, gammafunk_ghost_smash, mines3_lemuel
Orc:2:    pf_orc_diabolical, layout_caves
Depths:1: layout_cave_pools, skrybe_limestone_x, hell_entry, abyss_entry,
          evilmike_butchery, serial_bayou_shore_a, serial_bayou_shore_b,
          grunt_megastairs_5

Skill      XL: |  1  2  3  4  5  6  7  8  9 10 11 12 13 14 15 16 |
---------------+-------------------------------------------------+-----
Dodging        | 2 3 4 5 6 8 9 10 11 12 13 | 13.9
Spellcasting   | 3 4 5 6 8 9 11 12 13 15 | 15.8
Summonings     | 5 6 7 8 9 10 12 13 14 15 | 15.0
Air Magic      | 3 4 |  4.3
Fighting       | 2 5 |  5.5
Polearms       | 2 5 7 8 |  8.7
Hexes          | 4 5 |  5.2
Stealth        | |  2.4
Conjurations   | |  0.7

Action                     |  1- 3 |  4- 6 |  7- 9 | 10-12 | 13-15 | 16-18 || total
---------------------------+-------+-------+-------+-------+-------+-------++-------
  Melee: Short sword       |    39 |    24 |       |       |       |       ||    63
         Bite              |    15 |    27 |    42 |   110 |   283 |    37 ||   514
         Unarmed           |     1 |       |       |       |       |       ||     1
         Punch             |     1 |     2 |     1 |     5 |     8 |       ||    17
         Dagger            |       |    97 |   152 |   103 |       |       ||   352
         Trident           |       |       |       |   189 |   573 |       ||   762
         Glaive            |       |       |       |       |   110 |   123 ||   233
   Cast: Summon Small Mamm |    35 |    11 |       |     4 |     2 |       ||    52
         Call Imp          |     4 |    23 |    22 |    22 |    24 |     5 ||   100
         Call Canine Famil |       |    10 |    31 |    35 |   106 |    41 ||   223
         Summon Guardian G |       |       |     7 |    30 |    81 |    25 ||   143
         Summon Lightning  |       |       |     3 |    28 |   117 |    46 ||   194
         Swiftness         |       |       |       |       |     7 |     3 ||    10
         Tukima's Dance    |       |       |       |       |     5 |       ||     5
         Cause Fear        |       |       |       |       |       |     2 ||     2
         Ensorcelled Hiber |       |       |       |       |       |     2 ||     2
 Invoke: Curse Item        |       |       |     1 |     5 |     4 |     1 ||    11
         Shatter the Chain |       |       |       |     1 |     2 |     1 ||     4
  Evoke: Wand              |       |       |       |     1 |     3 |     1 ||     5
    Use: Scroll            |       |     5 |     3 |     5 |    11 |     6 ||    30
         Potion            |       |       |     1 |     1 |     2 |     2 ||     6
   Stab: Sleeping          |     1 |     5 |     2 |     2 |     5 |     2 ||    17
         Distracted        |       |       |       |     4 |    18 |     4 ||    26
 Armour: Robe              |     9 |    43 |    68 |    69 |   212 |    58 ||   459
  Dodge: Dodged            |    43 |    67 |   157 |   295 |   916 |   273 ||  1751
  Block: Other             |       |       |    40 |    41 |       |       ||    81
         Reflection        |       |       |       |     5 |       |       ||     5
         Buckler           |       |       |       |       |    27 |       ||    27

Table legend: (Time is in decaauts)
 A = Elapsed time spent in this place.
 B = Non-inter-level travel time spent in this place.
 C = Inter-level travel time spent in this place.
 D = Time resting spent in this place.
 E = Time spent auto-exploring this place.
 F = Levels seen in this place.
 G = Mean time per level.
                   A        B        C        D        E       F      G
               +--------+--------+--------+--------+--------+-----+--------+
         Total |  33628 |  31704 |   1924 |   7034 |  15746 |  27 | 1245.5 |
       Dungeon |  16935 |  15767 |   1168 |   2059 |   9235 |  15 | 1129.0 |
        Temple |     14 |     14 |      0 |      0 |      0 |   1 |   14.0 |
          Lair |  10362 |   9855 |    507 |   3050 |   4432 |   5 | 2072.4 |
         Swamp |    806 |    738 |     68 |     66 |    395 |   2 |  403.0 |
     Snake Pit |    958 |    958 |      0 |    346 |    261 |   1 |  958.0 |
  Orcish Mines |   4497 |   4318 |    179 |   1513 |   1422 |   2 | 2248.5 |
        Depths |     55 |     55 |      0 |      0 |      0 |   1 |   55.0 |
               +--------+--------+--------+--------+--------+-----+--------+

Top non-repeatable levels by time:
  Lair:2: 3413 daAuts
  Lair:5: 2691 daAuts
   Orc:2: 2682 daAuts
  Lair:4: 2057 daAuts
   Orc:1: 1814 daAuts
     D:6: 1768 daAuts
    D:10: 1588 daAuts
    D:14: 1421 daAuts
    D:11: 1358 daAuts
     D:1: 1254 daAuts
  Lair:1: 1198 daAuts
    D:12: 1165 daAuts
     D:7: 1153 daAuts
     D:5: 1057 daAuts
    D:13: 1045 daAuts
